[Event "Late-Titled-Tuesday-Blitz-November-28-2023"]
[Site "Chess.com"]
[Date "2023.11.28"]
[Round "8"]
[White "FontVella8"]
[Black "Gyulamiryan-koryun"]
[Result "1-0"]
[WhiteElo "2581"]
[BlackElo "1989"]
[TimeControl "180+1"]
[EndTime "15:23:52 PST"]
[Termination "FontVella8 won on time"]

1. c4 Nf6 2. Nf3 g6 3. g3 Bg7 4. Bg2 O-O 5. O-O c6 6. d4 e6 7.
b3 d5 8. Bb2 Nbd7 9. Nbd2 b5 10.
Qc2 bxc4 11. bxc4 Ba6 12. Rab1 Qa5 13. Bc3 Qc7 14. Rfc1 Rab8 15. Qa4 Rxb1 16. Rxb1 Bxc4 17. Nxc4 dxc4 18. Qxc4 Nd5 19. Bd2 N7b6 20. Qc2 Rb8 21. e4 Ne7 22. Bf4 e5 23. Nxe5 Nd7 24. Rxb8+ Nxb8 25. Nxg6 Qb7 26. Nxe7+ Qxe7 27. Bxb8 Bxd4 28. Qxc6 Qb4 29. Qc8+ Kg7 30. Bf1 Qd2 31. Qg4+ 1-0

[Event "Late-Titled-Tuesday-Blitz-November-28-2023"]
[Site "Chess.com"]
[Date "2023.11.28"]
[Round "8"]
[White "PapaieDudu"]
[Black "HalfIsCrayfish"]
[Result "0-1"]
[WhiteElo "2423"]
[BlackElo "2602"]
[TimeControl "180+1"]
[EndTime "15:23:53 PST"]
[Termination "HalfIsCrayfish won by checkmate"]

1. e4 c6 2. Nf3 d5 3. e5 Bg4 4.
d4 e6 5. Bd3 c5 6. c3 Ne7 7. h3 Bxf3 8. Qxf3 Nec6 9. Be3 Qb6 10. O-O cxd4 11. cxd4 Nxd4 12. Qg4 Nbc6 13. Nc3 h5 14. Qg5 Be7 15. Qxg7 O-O-O 16. Na4 Qb4 17.
b3 Rhg8 18. Qxf7 Rdf8 19. Qxh5 Rh8 20. Qd1 Nf3+ 21. Kh1 Rxh3+ 22. gxh3 Qh4 23. Kg2 Rg8+ 24. Kxf3 Qh5+ 25. Kf4 Qxe5+ 26. Kf3 Qh5+ 27. Kf4 Bd6# 0-1

[Event "Late-Titled-Tuesday-Blitz-November-28-2023"]
[Site "Chess.com"]
[Date "2023.11.28"]
[Round "8"]
[White "GMJustin"]
[Black "Ducke13"]
[Result "0-1"]
[WhiteElo "2311"]
[BlackElo "2454"]
[TimeControl "180+1"]
[EndTime "15:24:02 PST"]
[Termination "Ducke13 won on time"]

1. d4 Nf6 2. c4 g6 3. Nc3 d5 4. Qa4+ c6 5. cxd5 Nxd5 6. Nf3 Bg7 7.
e4 Nxc3 8. bxc3 O-O 9. Be2 c5 10. O-O Nc6 11. Be3 Bg4 12. Rad1 cxd4 13. cxd4 a6 14. Rfe1 b5 15. Qc2 Rc8 16. Qd2 Qa5 17. h3 Bxf3 18. Bxf3 Rfd8 19. Qxa5 Nxa5 20. e5 Rc2 21.
Ra1 Nc4 22. Rec1 Rb2 23. Rcb1 Rxb1+ 24. Rxb1 Nxe3 25. fxe3 Bh6 0-1

[Event "Late-Titled-Tuesday-Blitz-November-28-2023"]
[Site "Chess.com"]
[Date "2023.11.28"]
[Round "8"]
[White "Alex_Banzea"]
[Black "zajka-molotok"]
[Result "0-1"]
[WhiteElo "2649"]
[BlackElo "2539"]
[TimeControl "180+1"]
[EndTime "15:24:04 PST"]
[Termination "zajka-molotok won by resignation"]

1. d4 Nf6 2. Nc3 d5 3. Bf4 c5 4. e3 cxd4 5. exd4 a6 6. Bd3 Nc6 7. Nge2 Bg4 8. f3 Bh5 9. g4 Bg6 10. h4 e6 11. h5 Bxd3 12. Qxd3 Bd6 13. O-O-O Bxf4+ 14. Nxf4 Qd6 15. Qe3 h6 16. Nd3 O-O-O 17. Ne2 Kb8 18. Ne5 Rhf8 19. c3 Rc8 20. Kb1 Nd7 21. Nxd7+ Qxd7 22. Nf4 Na5 23. b3 Qc7 24. Rc1 Nc6 25. Nd3 Rfe8 26. f4 f6 27. Rhe1 Re7 28.
Kb2 Rce8 29. Nc5 e5 30. dxe5 fxe5 31. f5 d4 32. Qd3 e4 33. Rxe4 Rxe4 34. Nxe4 Qf4 35.
Nc5 Re3 36. Qd2 Qxg4 37. cxd4 Re2 0-1

[Event "Late-Titled-Tuesday-Blitz-November-28-2023"]
[Site "Chess.com"]
[Date "2023.11.28"]
[Round "8"]
[White "Hrant_ChessMood"]
[Black "NigelDwarf"]
[Result "1-0"]
[WhiteElo "2925"]
[BlackElo "2562"]
[TimeControl "180+1"]
[EndTime "15:24:05 PST"]
[Termination "Hrant_ChessMood won by checkmate"]

1. e4 c5 2. Nf3 d6 3. Bc4 Nc6 4.
O-O Nf6 5. d3 Bg4 6. h3 Bh5 7. g4 Bg6 8. Nh2 e6 9. f4 d5 10. exd5 Nxd5 11. f5 Bd6 12. Bxd5 exd5 13. Bf4 Bxf4 14. Rxf4 Qh4 15. Qe2+ Kd7 16. Qf2 Qxh3 17. fxg6 hxg6 18. Rxf7+ Ke6 19. Rf3 Qh6 20. Nc3 Nd4 21. Re1+ Kd7 22. Rf7+ Kc6 23. Ne2 Ne6 24.
c4 Ng5 25. cxd5+ Kb6 26. Nf4 Qxh2+ 27. Qxh2 Nf3+ 28. Kf2 Nxh2 29. Re6+ Kb5 30. Rxb7+ Ka5 31. Rxg6 Raf8 32. Rxa7+ Kb5 33. a4+ Kb4 34. Rb6# 1-0

[Event "Late-Titled-Tuesday-Blitz-November-28-2023"]
[Site "Chess.com"]
[Date "2023.11.28"]
[Round "8"]
[White "GMthekingindian"]
[Black "gabduschew"]
[Result "1-0"]
[WhiteElo "2345"]
[BlackElo "2427"]
[TimeControl "180+1"]
[EndTime "15:24:08 PST"]
[Termination "GMthekingindian won by resignation"]

1. e4 c6 2. c4 g6 3. Nc3 Bg7 4. d4 d6 5. Nf3 Bg4 6. Be2 Bxf3 7.
Bxf3 Qb6 8. d5 Nd7 9. O-O Ngf6 10. Qe2 O-O 11. Be3 Qa6 12. g3 Ne5 13. b3 Nxf3+ 14. Qxf3 Nd7 15. Bd2 Rac8 16. Qe2 e6 17. dxe6 fxe6 18.
Rad1 Bd4 19. Kg2 Rf7 20. f4 e5 21. f5 gxf5 22. Rxf5 Rcf8 23. Rdf1 Rxf5 24. Qg4+ Kh8 25. Rxf5 Bxc3 26. Rxf8+ Nxf8 27. Bh6 Qxa2+ 28. Kh3 Ng6 29. Qc8+ 1-0

[Event "Late-Titled-Tuesday-Blitz-November-28-2023"]
[Site "Chess.com"]
[Date "2023.11.28"]
[Round "8"]
[White "JSPrepz"]
[Black "OparinGrigoriy"]
[Result "0-1"]
[WhiteElo "2878"]
[BlackElo "3013"]
[TimeControl "180+1"]
[EndTime "15:24:09 PST"]
[Termination "OparinGrigoriy won on time"]

1. e4 c5 2. Nf3 Nc6 3. b4 Nxb4 4.
c3 Nc6 5. d4 cxd4 6. cxd4 e6 7.
a3 d5 8. e5 Bd7 9. Bd3 Na5 10.
O-O Rc8 11. Ng5 Nh6 12. Bf4 g6 13. Nd2 Nf5 14. Bxf5 exf5 15. e6 Bxe6 16. Re1 Be7 17. Nxe6 fxe6 18. Rxe6 Kf7 19. Qe2 Re8 20. Nf3 Bf6 21.
Re1 Nc6 22. Rxe8 Qxe8 23. Qa2 Qd7 24. h4 Re8 25. Rb1 Re4 26. Bg5 Bxd4 27. Rb5 Kg7 28. Rxd5 Qe6 29. Qc4 Bxf2+ 0-1

[Event "Late-Titled-Tuesday-Blitz-November-28-2023"]
[Site "Chess.com"]
[Date "2023.11.28"]
[Round "8"]
[White "hristos03"]
[Black "Teidi96"]
[Result "0-1"]
[WhiteElo "2354"]
[BlackElo "2290"]
[TimeControl "180+1"]
[EndTime "15:24:18 PST"]
[Termination "Teidi96 won on time"]

1. e4 c5 2. Nf3 g6 3. d4 cxd4 4. Nxd4 Nc6 5. c4 Bg7 6. Be3 Nf6 7.
Nc3 O-O 8. Be2 d6 9. O-O Bd7 10. h3 Nxd4 11. Bxd4 Bc6 12. Bf3 a5 13. b3 Nd7 14. Rc1 Nc5 15. Re1 Bxd4 16. Qxd4 e5 17. Qe3 Ne6 18. Ne2 Qe7 19. Red1 f5 20. exf5 gxf5 21.
Bd5 Kh8 22. f4 e4 23. Bxe6 Qxe6 24. Nd4 Qf6 25. Rd2 d5 26. cxd5 Bxd5 27. Rcd1 Bf7 28. Ne2 Rfd8 29. Rxd8+ Rxd8 30. Rxd8+ Qxd8 31. Qd4+ Qxd4+ 32. Nxd4 Bg6 33. Kf2 Kg7 34. Ke3 Kf6 35. a3 h5 36. b4 axb4 37. axb4 h4 38. Nb3 Be8 39. Na5 Bc6 40. Nc4 Ke6 41. Ne5 Be8 42. Kd4 Kd6 43.
Nc4+ Kc6 44. Ne3 Bd7 0-1

[Event "Late-Titled-Tuesday-Blitz-November-28-2023"]
[Site "Chess.com"]
[Date "2023.11.28"]
[Round "8"]
[White "GoltsevDmitry2000"]
[Black "K_A_S_T_O_R"]
[Result "0-1"]
[WhiteElo "2678"]
[BlackElo "2901"]
[TimeControl "180+1"]
[EndTime "15:24:24 PST"]
[Termination "K_A_S_T_O_R won by checkmate"]

1. e4 c5 2. Nf3 d6 3. d4 cxd4 4.
Nxd4 Nf6 5. Nc3 a6 6. f3 e6 7. Be2 Be7 8. Be3 O-O 9. O-O Nc6 10. Qd2 Qc7 11. Nb3 b6 12. Rfd1 Bb7 13. Rac1 Rfd8 14. Kh1 d5 15. exd5 Nb4 16. Qe1 Nbxd5 17. Nxd5 Nxd5 18.
Bd2 e5 19. c4 Nf4 20. Bxf4 exf4 21. Bd3 Re8 22. Qf2 Rad8 23. Bc2 Bf6 24. Rxd8 Rxd8 25. c5 bxc5 26. Nxc5 Bd4 27. Qh4 Bxc5 28. Qxh7+ Kf8 29. Re1 Be3 30. Bb3 Qe5 31. Qh4 g5 32. Qh6+ Ke7 33.
Qh7 Bd5 34. Bc2 Be6 35. Ba4 Rh8 36. Qc2 Rxh2+ 37. Kxh2 Qh8+ 38. Qh7 Qxh7# 0-1

[Event "Late-Titled-Tuesday-Blitz-November-28-2023"]
[Site "Chess.com"]
[Date "2023.11.28"]
[Round "8"]
[White "Tomytoteph"]
[Black "PowerThinking2650"]
[Result "1/2-1/2"]
[WhiteElo "2608"]
[BlackElo "2483"]
[TimeControl "180+1"]
[EndTime "15:24:24 PST"]
[Termination "Game drawn by repetition"]

1. e4 e5 2. Nf3 Nc6 3. Bb5 a6 4. Ba4 Nf6 5. O-O Be7 6. Re1 b5 7. Bb3 d6 8. c3 O-O 9. h3 Bb7 10.
d4 Re8 11. Ng5 Rf8 12. Nf3 h6 13. Nbd2 Re8 14. a4 Bf8 15. d5 Ne7 16. Qe2 c6 17.
dxc6 Bxc6 18. axb5 axb5 19. Rxa8 Qxa8 20. Nh4 d5 21. exd5 Nexd5 22. Ndf3 Nf4 23. Qd1 Rd8 24. Qc2 Nd3 25. Rd1 Nxc1 26. Rxc1 e4 27. Nd4 Bd5 28. Nxb5 Bxb3 29. Qxb3 e3 30. Nf3 exf2+ 31.
Kxf2 Ne4+ 32. Kg1 Nd2 33. Qd1 Bc5+ 34. Nbd4 Nxf3+ 35. Qxf3 Qxf3 36. gxf3 Bxd4+ 37. cxd4 Rxd4 38. Rc2 Rd3 39. Kf2 Rb3 40. Kg3 g5 41. Kg4 Kg7 42. Kg3 Kg6 43. Rc6+ f6 44. Rc2 h5 45. Rd2 Rb4 46.
Rc2 Rb3 47. Kf2 Kf5 48. Kg3 Kg6 1/2-1/2

[Event "Late-Titled-Tuesday-Blitz-November-28-2023"]
[Site "Chess.com"]
[Date "2023.11.28"]
[Round "8"]
[White "Freeeeeeeeeeeeeeeeee"]
[Black "Perecke"]
[Result "0-1"]
[WhiteElo "2127"]
[BlackElo "2501"]
[TimeControl "180+1"]
[EndTime "15:24:25 PST"]
[Termination "Perecke won by checkmate"]

1. d4 Nf6 2. Nf3 e6 3. c4 Bb4+ 4. Bd2 Bxd2+ 5. Nbxd2 O-O 6. g3 b6 7. Bg2 Bb7 8. O-O c5 9. b3 cxd4 10. Nxd4 Bxg2 11. Kxg2 d5 12. cxd5 Nxd5 13. N2f3 Na6 14. Rc1 Nc5 15. Re1 Rc8 16. a3 Re8 17. e4 Nf6 18. e5 Nd5 19. b4 Nb7 20. Nc6 Qd7 21.
Nfd4 a5 22. Qd2 Rc7 23. b5 Nc5 24. h4 a4 25. Qg5 Nd3 26. h5 h6 27. Qg4 Nxe1+ 28. Rxe1 Nc3 29. Kh3 Nxb5 30. Nxb5 Rxc6 31. Nd6 Rc5 32. Nxe8 Qxe8 33. Re4 b5 34. Qe2 Qc6 35. Qd3 f5 36. exf6 Rxh5+ 37. Kg2 Re5 38. f3 Rxe4 39.
fxe4 gxf6 40. Qd8+ Kf7 41. Qd3 f5 42. Kh3 Qxe4 43.
Qd7+ Kf6 44. Qd8+ Ke5 45. Qh8+ Kd5 46. Qd8+ Kc4 47. Qc8+ Kb3 48. Qh8 Qh1# 0-1

[Event "Late-Titled-Tuesday-Blitz-November-28-2023"]
[Site "Chess.com"]
[Date "2023.11.28"]
[Round "8"]
[White "TrenerChos"]
[Black "Aleksandar-Topalov"]
[Result "1-0"]
[WhiteElo "2604"]
[BlackElo "2413"]
[TimeControl "180+1"]
[EndTime "15:24:34 PST"]
[Termination "TrenerChos won on time"]

1. b3 Nf6 2. Bb2 g6 3. e3 Bg7 4. g3 O-O 5. Bg2 d6 6. Ne2 c5 7. O-O Nc6 8. d4 cxd4 9. exd4 d5 10. c4 Bg4 11. Nbc3 dxc4 12. bxc4 Na5 13. Qa4 Rc8 14. c5 b6 15. c6 Be6 16. Rfd1 Nd5 17. Rac1 Rxc6 18. Nxd5 Rxc1 19. Nxe7+ Qxe7 20. Rxc1 Bxa2 21. Nf4 Bb3 22. Qb5 Rd8 23. Nd5 Qg5 24. h4 Qd2 25. Ne7+ Kh8 26. Ba3 Bxd4 27. Rf1 Bc4 28. Qg5 Bxf1 29. Qxd2 Bxg2 30. Bb2 Nb3 31. Bxd4+ Nxd4 32. Kxg2 Kg7 33. Qc3 f6 34. Qc7 Ne6 35. Nf5+ Kg8 36.
Nh6+ Kh8 37. Qe7 1-0

[Event "Late-Titled-Tuesday-Blitz-November-28-2023"]
[Site "Chess.com"]
[Date "2023.11.28"]
[Round "8"]
[White "stasOR4ik"]
[Black "Koksal06"]
[Result "0-1"]
[WhiteElo "2488"]
[BlackElo "2633"]
[TimeControl "180+1"]
[EndTime "15:24:35 PST"]
[Termination "Koksal06 won on time"]

1. e4 e5 2. Nf3 Nc6 3. Bb5 Nge7 4. O-O g6 5. c3 a6 6. Ba4 Bg7 7. d4 exd4 8. cxd4 b5 9. Bc2 O-O 10. Bg5 d6 11. Nc3 Bg4 12. Ne2 Bxf3 13. gxf3 h6 14.
Be3 Na5 15. b3 c5 16. Qd2 Kh7 17. Rad1 c4 18. Kh1 d5 19. e5 Rc8 20. Rg1 Nac6 21. Nf4 c3 22. Qc1 Nb4 23. Nh5 Nxc2 24. Qxc2 Qd7 25. Nxg7 Kxg7 26. b4 Qf5 27. Qxf5 Nxf5 28. Rc1 Rc4 29. a3 Rfc8 30. Rgd1 c2 31. Rd2 Rc3 32.
Kg2 Rxa3 33. Rdxc2 Rxc2 34. Rxc2 Rxe3 35. Rc6 Rb3 36.
Rc7 Nxd4 37. f4 Rxb4 38. Kg3 a5 39. Rd7 a4 40. Rxd5 a3 41. f5 a2 42. f6+ Kh7 43. Rd7 a1=Q 44. Rxf7+ Kg8 45. Rg7+ Kf8 46. Rh7 Rb3+ 47.
Kh4 Nf5+ 0-1

[Event "Late-Titled-Tuesday-Blitz-November-28-2023"]
[Site "Chess.com"]
[Date "2023.11.28"]
[Round "8"]
[White "Hirna2005"]
[Black "Jaka_Brilej"]
[Result "0-1"]
[WhiteElo "2342"]
[BlackElo "2466"]
[TimeControl "180+1"]
[EndTime "15:24:35 PST"]
[Termination "Jaka_Brilej won on time"]

1. e4 Nf6 2. e5 Nd5 3. Nf3 d6 4. d4 g6 5. Be2 Bg7 6. O-O O-O 7. h3 Nc6 8. c4 Nb6 9. exd6 cxd6 10. Nc3 d5 11. c5 Nc4 12. b3 N4a5 13. Bb2 b6 14. cxb6 axb6 15. Nb5 Bf5 16. Qd2 Rc8 17. Rac1 Qd7 18.
Ba3 Rfe8 19. Rfe1 Nb7 20. Bf1 h6 21. Nc3 Nd6 22. g4 Ne4 23. Nxe4 Bxe4 24. Bg2 Bxf3 25.
Bxf3 Nxd4 26. Bg2 e6 27. Bb2 Nc6 28. Bxg7 Kxg7 29. Rc2 Ne7 30. Qd4+ Kg8 31. Rce2 Qd6 32. Qf6 Nc6 33. g5 h5 34. f4 Qc5+ 35. Kh2 Qd4 36. Qxd4 Nxd4 37. Rd2 Nf5 38. Kg1 Nd6 39. Bf3 Kf8 40.
Kg2 Rc3 41. Ree2 Rec8 0-1

[Event "Late-Titled-Tuesday-Blitz-November-28-2023"]
[Site "Chess.com"]
[Date "2023.11.28"]
[Round "8"]
[White "Korchmar_Vasiliy"]
[Black "Likvidator228"]
[Result "1-0"]
[WhiteElo "2725"]
[BlackElo "2559"]
[TimeControl "180+1"]
[EndTime "15:24:38 PST"]
[Termination "Korchmar_Vasiliy won by resignation"]

1. e4 c5 2. d4 cxd4 3. Qxd4 Nc6 4. Qd3 Nf6 5. Nc3 g6 6. Nf3 Bg7 7. Be2 O-O 8. O-O d6 9. Nd5 Nxd5 10. exd5 Ne5 11. Nxe5 Bxe5 12. c3 Bf5 13. Qd1 a6 14. Bh6 Re8 15. Qd2 b5 16. a4 Rb8 17. axb5 axb5 18. Ra7 b4 19. c4 Ra8 20. Rfa1 Rxa7 21. Rxa7 Qb8 22. Be3 Bf6 23. g4 Bc8 24. Bd4 Bxd4 25.
Qxd4 b3 26. Kg2 Qb4 27. Bf3 Qe1 28. h4 e5 29. dxe6 Bxe6 30. h5 gxh5 31. gxh5 Qe5 32.
Qxe5 dxe5 33. c5 Rc8 34. c6 f5 35. Re7 e4 36. Rxe6 exf3+ 37. Kxf3 Kf7 38. Rh6 Kg7 39. Rd6 Kf7 40. Kf4 Ke7 41. Rh6 Rf8 42. Rxh7+ Kd6 43. Rh6+ Kc7 44. Re6 Rh8 45. h6 Rf8 46. h7 Rh8 47.
Rh6 1-0

[Event "Late-Titled-Tuesday-Blitz-November-28-2023"]
[Site "Chess.com"]
[Date "2023.11.28"]
[Round "8"]
[White "kai_nov"]
[Black "RodokininEV"]
[Result "1/2-1/2"]
[WhiteElo "2298"]
[BlackElo "2581"]
[TimeControl "180+1"]
[EndTime "15:24:39 PST"]
[Termination "Game drawn by repetition"]

1. d4 Nf6 2. c4 g6 3. f3 Bg7 4. e4 d6 5. Nc3 O-O 6. Bg5 h6 7. Be3 Nc6 8. Nge2 a6 9. Qd2 Kh7 10. Rc1 e5 11. d5 Ne7 12. c5 Nfg8 13. cxd6 cxd6 14. g4 f5 15. gxf5 gxf5 16. Rg1 Ng6 17. Bf2 fxe4 18. Nxe4 Bf5 19. N2g3 Bxe4 20. fxe4 Nf4 21.
Nf5 Rxf5 22. exf5 Qf6 23. Rc7 Ne7 24. Bg2 Kh8 25. Be4 Re8 26. Be3 b5 27. Kd1 Rb8 28. Qf2 Nh3 29. Qg3 Nxg1 30. Qxg1 Qh4 31. f6 Qxf6 32.
Rxe7 Qxe7 33. Qg6 Kg8 34. Qh7+ Kf8 35. Bxh6 Qf6 36. Qh8+ Kf7 37. Qxb8 Qf1+ 38. Kc2 Qc4+ 39. Kd1 Qd4+ 40. Bd2 Qxe4 41. Qxd6 Qb1+ 42. Ke2 Qe4+ 43. Kd1 Qb1+ 44. Ke2 Qxb2 45. Qe6+ Kf8 46. d6 Qd4 47. d7 Qe4+ 48. Kd1 Qb1+ 49. Ke2 Qe4+ 50. Be3 Qc2+ 51. Bd2 Qe4+ 1/2-1/2

[Event "Late-Titled-Tuesday-Blitz-November-28-2023"]
[Site "Chess.com"]
[Date "2023.11.28"]
[Round "8"]
[White "OneTrickPony_82"]
[Black "Godzillator"]
[Result "1-0"]
[WhiteElo "2480"]
[BlackElo "2354"]
[TimeControl "180+1"]
[EndTime "15:24:41 PST"]
[Termination "OneTrickPony_82 won by checkmate"]

1. d4 d5 2. c4 e6 3. Nf3 Nf6 4. Nc3 Bb4 5. a3 Bxc3+ 6. bxc3 O-O 7. e3 b6 8. a4 Ba6 9. a5 Bxc4 10. Bxc4 dxc4 11.
Ne5 b5 12. Ba3 Re8 13. O-O c6 14. Qf3 Qd5 15. Qh3 a6 16. f3 Qd8 17. g4 Nfd7 18.
Rad1 Qxa5 19. Bb4 Qc7 20. Nxf7 Kxf7 21. Qh5+ g6 22. Qxh7+ Kf6 23. f4 c5 24. e4 e5 25. dxe5+ Ke6 26. Rd6+ Qxd6 27. exd6 cxb4 28. Qxg6+ Nf6 29. e5 Nd7 30. exf6 Rg8 31. Qf5+ Kxd6 32.
Rd1+ Kc6 33. Qe6+ Kc5 34. Qd6# 1-0

[Event "Late-Titled-Tuesday-Blitz-November-28-2023"]
[Site "Chess.com"]
[Date "2023.11.28"]
[Round "8"]
[White "ural58"]
[Black "picturesquecheck"]
[Result "0-1"]
[WhiteElo "2460"]
[BlackElo "2376"]
[TimeControl "180+1"]
[EndTime "15:24:42 PST"]
[Termination "picturesquecheck won by resignation"]

1. e4 c5 2. b3 d6 3. Bb2 Nc6 4. Bb5 Bd7 5. Ne2 e5 6. O-O a6 7. Bxc6 Bxc6 8. d3 Ne7 9. f4 f6 10. c4 Ng6 11. Nbc3 Be7 12. Nd5 Bxd5 13. cxd5 O-O 14.
f5 Nh8 15. g4 h6 16. h4 Qe8 17.
Ng3 Bd8 18. Kg2 b5 19. Bc1 Nf7 20. Bd2 a5 21. a4 b4 22. Rh1 Ra7 23. Qe2 Qd7 24.
Rag1 Qc8 25. Nh5 Rd7 26. Kf1 Qa6 27. Rg3 Re8 28. Rhg1 Kf8 29. Kg2 Qa7 30. Kh3 Qa6 31.
Qg2 Rb7 32. g5 fxg5 33. hxg5 Nxg5+ 34. Bxg5 Bxg5 35. Rxg5 hxg5 36. Qxg5 Qxd3+ 37. Rg3 Qxe4 38. Nxg7 Qh1+ 39. Kg4 Rxg7 0-1

[Event "Late-Titled-Tuesday-Blitz-November-28-2023"]
[Site "Chess.com"]
[Date "2023.11.28"]
[Round "8"]
[White "NateSolon"]
[Black "WPWPWP-2015"]
[Result "1-0"]
[WhiteElo "2674"]
[BlackElo "2531"]
[TimeControl "180+1"]
[EndTime "15:24:46 PST"]
[Termination "NateSolon won on time"]

1. d4 d5 2. Bf4 Nf6 3. e3 Bf5 4. Bd3 e6 5. Nf3 c6 6. O-O Be7 7. c4 Bxd3 8. Qxd3 O-O 9. Nbd2 Nbd7 10. h3 c5 11. dxc5 Nxc5 12. Qe2 Rc8 13. Rfd1 Qb6 14. Rab1 Rfd8 15. b4 Na4 16. c5 Qc6 17. Nd4 Qe8 18. Rdc1 a5 19. a3 axb4 20. axb4 h6 21. Nb5 Qd7 22. Ra1 Nb2 23. Nd6 Ra8 24. Be5 Rxa1 25. Rxa1 Nc4 26. N6xc4 dxc4 27. Nxc4 Nd5 28.
Qb2 Qb5 29. Na5 Nxb4 30. Bc3 Bxc5 31. Bxg7 1-0

[Event "Late-Titled-Tuesday-Blitz-November-28-2023"]
[Site "Chess.com"]
[Date "2023.11.28"]
[Round "8"]
[White "Jahonas"]
[Black "MKlose11"]
[Result "0-1"]
[WhiteElo "2426"]
[BlackElo "2605"]
[TimeControl "180+1"]
[EndTime "15:24:47 PST"]
[Termination "MKlose11 won by resignation"]

1. e4 e6 2. Nc3 d5 3. Nf3 d4 4. Ne2 c5 5. c3 dxc3 6. bxc3 Nc6 7. g3 Nf6 8. d3 c4 9. e5 cxd3 10. exf6 dxe2 11. Qxd8+ Nxd8 12. Bxe2 gxf6 13. Rb1 Nc6 14. Nd4 Nxd4 15. cxd4 Bd6 16. Bf3 Rb8 17. Bh6 Ke7 18. O-O b6 19. d5 Bb7 20. Rbd1 Rhd8 21. Rfe1 Be5 22. Kg2 Rbc8 23. dxe6 Bxf3+ 24. Kxf3 Rxd1 25.
Rxd1 fxe6 26. Rd2 Rc3+ 27. Kg2 Rc4 28. Be3 Ra4 29. Rc2 Kd7 30. h4 Bd4 31. Rd2 e5 32. Kf3 Kc6 33. Rc2+ Kd6 34. Bh6 f5 35. h5 b5 36. a3 Rxa3+ 37. Kg2 Rc3 38. Ra2 Kc6 39. Bg7 b4 40. f4 b3 41. Ra6+ Kb7 42. Ra4 Rc2+ 43.
Kh3 Bc3 44. Ra3 b2 45. Rb3+ Kc6 46. Bxe5 Bxe5 47. fxe5 a5 48. Kh4 h6 49. g4 fxg4 50.
Kxg4 a4 51. Rb8 a3 52. Kf5 a2 0-1

[Event "Late-Titled-Tuesday-Blitz-November-28-2023"]
[Site "Chess.com"]
[Date "2023.11.28"]
[Round "8"]
[White "Harry_Rakkel"]
[Black "SanchezKelvin"]
[Result "0-1"]
[WhiteElo "2653"]
[BlackElo "2541"]
[TimeControl "180+1"]
[EndTime "15:24:49 PST"]
[Termination "SanchezKelvin won by resignation"]

1. e4 c5 2. Nf3 e6 3. d4 cxd4 4. Nxd4 a6 5. Nc3 Qc7 6. Bd3 b5 7. O-O Bb7 8. Kh1 Nf6 9. Qe2 Nc6 10. Be3 h5 11. f3 h4 12. a4 b4 13. Nd1 Ne5 14.
Nf2 Nh5 15. Nh3 Ng6 16. f4 Bc5 17. Qg4 Nf6 18. Qf3 d5 19. e5 Ne4 20. Nb3 Bxe3 21. Qxe3 Ne7 22. Bxe4 dxe4 23. Qc5 Qxc5 24. Nxc5 Bd5 25. a5 Nf5 26. Rfe1 e3 27. Ng5 h3 28.
Nge4 hxg2+ 29. Kxg2 Ke7 30. Kg1 Rac8 31. Ra4 Bxe4 32. Nxe4 Rxc2 33. Rxb4 Rhxh2 34. Rb7+ Kd8 35. Rd1+ Kc8 36. Rdd7 Rcg2+ 37. Kf1 e2+ 38. Ke1 Rh1+ 0-1

[Event "Late-Titled-Tuesday-Blitz-November-28-2023"]
[Site "Chess.com"]
[Date "2023.11.28"]
[Round "8"]
[White "elchacal664"]
[Black "zverr1"]
[Result "1-0"]
[WhiteElo "2375"]
[BlackElo "2509"]
[TimeControl "180+1"]
[EndTime "15:24:49 PST"]
[Termination "elchacal664 won on time"]

1. e4 c5 2. c3 g6 3. d4 cxd4 4. cxd4 d5 5. Nc3 dxe4 6. Bc4 Nc6 7.
Be3 Na5 8. Bb5+ Bd7 9. Qa4 Nf6 10. Bxd7+ Nxd7 11. Nxe4 Bg7 12. Nc5 Nc6 13. Nxb7 Qb6 14.
Nc5 Qxb2 15. Rd1 Nxc5 16. Qxc6+ Nd7 17. Qxa8+ Nb8 18. Qd5 O-O 19. Qb3 Qxb3 20. axb3 Nc6 21. Nf3 Na5 22. Rb1 Rb8 23. Nd2 e5 24. d5 f5 25. O-O Rb7 26. d6 Bf8 27. Bc5 Rd7 28.
b4 Nb7 29. Nc4 e4 30. Ne5 Rd8 31. Nc6 Rd7 32. Ne5 Rd8 33. Nc4 Rc8 34. d7 Rd8 35.
Bxf8 Kxf8 36. Rfd1 Ke7 37. Ne5 Ke6 38. Nc6 Rxd7 39.
Rxd7 Kxd7 40. Nxa7 Kc7 41. Nb5+ Kb6 42. Nd4 Nd6 43.
Ne6 Nc4 44. Ng5 h6 45. Nf7 h5 46. Rc1 1-0

[Event "Late-Titled-Tuesday-Blitz-November-28-2023"]
[Site "Chess.com"]
[Date "2023.11.28"]
[Round "8"]
[White "TRadjabov"]
[Black "DreamsAreFake"]
[Result "1-0"]
[WhiteElo "3017"]
[BlackElo "2690"]
[TimeControl "180+1"]
[EndTime "15:24:50 PST"]
[Termination "TRadjabov won by resignation"]

1. d4 Nf6 2. c4 b6 3. Nc3 Bb7 4.
Nf3 d5 5. Bg5 dxc4 6. e3 e6 7.
Bxc4 Be7 8. Bb5+ c6 9. Bd3 h6 10. Bxf6 Bxf6 11. Ne4 Be7 12. Rc1 O-O 13. O-O Nd7 14.
Qa4 c5 15. Rfd1 cxd4 16. Nxd4 Nc5 17. Nxc5 Bxc5 18. Nc6 Bxc6 19. Qxc6 Qe7 20. Qe4 g6 21.
h4 h5 22. b4 Bxb4 23. g4 hxg4 24. Qxg4 Bc5 25. h5 g5 26. h6 f5 27. Qh5 Kh7 28.
Kf1 Qf6 29. Ke2 Rad8 30. Bc2 Qxh6 31. Qf3 Rxd1 32. Rxd1 g4 33. Qxg4 Rg8 34. Qf3 Rg4 35. Qxg4 1-0

[Event "Late-Titled-Tuesday-Blitz-November-28-2023"]
[Site "Chess.com"]
[Date "2023.11.28"]
[Round "8"]
[White "Chessbard1972"]
[Black "SnekkerAndersen"]
[Result "1-0"]
[WhiteElo "2399"]
[BlackElo "2533"]
[TimeControl "180+1"]
[EndTime "15:24:51 PST"]
[Termination "Chessbard1972 won by checkmate"]

1. e4 e6 2. d4 d5 3. e5 c5 4.
dxc5 Nc6 5. Nf3 Bxc5 6. Bd3 f6 7. Qe2 Qc7 8. Bf4 f5 9. O-O Nge7 10. Nc3 a6 11. a3 Ng6 12. Bg3 f4 13. Bxg6+ hxg6 14. Bxf4 Rf8 15. Bg3 Bd7 16. Qd3 O-O-O 17. Qxg6 Ne7 18.
Qd3 Nf5 19. Kh1 Be8 20. Nh4 Be7 21. Nxf5 Rxf5 22. f4 d4 23. Ne2 Bc5 24. b4 Bb5 25.
Qd2 Ba7 26. a4 Bc4 27. Rfd1 Kb8 28. Nc1 Qc6 29. Nd3 Bd5 30. b5 axb5 31. axb5 Qxb5 32. Rdb1 Qc6 33. Rxa7 Bxg2+ 34. Kg1 Bh3 35. Raxb7+ Qxb7 36. Rxb7+ Kxb7 37. Nc5+ Kc6 38. Nxe6 Ra8 39. Nxd4+ Kd5 40. Nxf5+ Ke4 41. Nd6+ Kf3 42. Qd3+ Kg4 43. Qe2# 1-0

[Event "Late-Titled-Tuesday-Blitz-November-28-2023"]
[Site "Chess.com"]
[Date "2023.11.28"]
[Round "8"]
[White "falzehope0"]
[Black "Heinza9"]
[Result "0-1"]
[WhiteElo "2341"]
[BlackElo "2340"]
[TimeControl "180+1"]
[EndTime "15:24:52 PST"]
[Termination "Heinza9 won by checkmate"]

1. d4 f5 2. e3 Nf6 3. Bd3 e6 4. f4 b6 5. Nf3 Bb7 6. Nbd2 Be7 7.
O-O O-O 8. Qe2 c5 9. c3 d5 10. b3 Nc6 11. Bb2 Ne4 12. Ne5 Nxe5 13. fxe5 cxd4 14. exd4 Rc8 15. Rac1 Nxd2 16. Qxd2 Bg5 17.
Qc2 Bxc1 18. Rxc1 Qg5 19. Re1 Rf7 20. Ba3 Rfc7 21. Bb2 a6 22. Qe2 b5 23. h3 Qe7 24.
g4 g6 25. Kh2 fxg4 26. Qxg4 Rf8 27. Re2 Qf7 28. Kg2 Qe8 29. h4 Kh8 30. Rd2 Rcf7 31.
Ba3 Rf4 32. Qg3 Rf3 33. Qe1 R8f7 34. Bb4 R7f4 35. Be2 Re3 36. Rd3 Ree4 37. Qd2 Qf7 38. Bf3 Qf5 39. Bxe4 dxe4 40. Re3 Qg4+ 41. Kh2 Qxh4+ 42.
Kg1 Rg4+ 43. Kf1 Qh1+ 44. Kf2 Rg2# 0-1